 Dungeon Crawl Stone Soup version 0.31-a0-233-g139696dc86 (webtiles) character file.

Game seed: 17527653701974294316

85 qw the Shooter (level 4, -2/27 HPs)
             Began as a Gargoyle Hexslinger on July 8, 2023.
             Slain by an ogre
             ... wielding a +0 giant club
              (28 damage)
             ... on level 3 of the Dungeon.
             The game lasted 00:00:44 (1640 turns).

qw the Shooter (Gargoyle Hexslinger)                Turns: 1640, Time: 00:00:45

Health: -2/27      AC:  6    Str: 12    XL:     4   Next: 48%
Magic:  5/5        EV: 12    Int: 13    God:
Gold:   155        SH:  5    Dex: 14    Spells: 4/5 levels left

rFire   . . .        Y - +1 sling
rCold   . . .        (no shield)
rNeg    + . .        c - +0 robe
rPois   inf          (no helmet)
rElec   +            (no cloak)
rCorr   .            d - +0 pair of gloves
SInv    .            (no boots)
Will    .....        i - amulet of reflection
Stlth   +            (no ring)
HPRegen 0.24/turn    (no ring)
MPRegen 0.09/turn

%: reflection
@: no status effects
A: sickness immunity, AC +3, negative energy resistance 1, electricity
resistance, torment resistance 1, petrification resistance
a: no special abilities


You were on level 3 of the Dungeon.
You visited 1 branch of the dungeon, and saw 3 of its levels.

You collected 155 gold pieces.


Innate Abilities, Weirdness & Mutations

You are immune to sickness and miasma.
Your stone body is resilient. (AC +3)
You are immune to poison.
You resist negative energy. (rN+)
You are resistant to electric shocks. (rElec)
You are resistant to unholy torment.
You are immune to petrification.


   Skills:
 - Level 2.3 Fighting
 + Level 4.1 Ranged Weapons
 - Level 1.5 Dodging
 - Level 1.0 Spellcasting
 - Level 2.6 Hexes


You had 4 spell levels left.
You knew the following spells:

 Your Spells              Type           Power      Damage    Failure   Level
a - Slow                  Hex            28%        N/A       10%         1

Your spell library contained the following spells:

 Spells                   Type           Power      Damage    Failure   Level
 Inner Flame              Hex/Fire       4%         N/A       43%         3
 Portal Projectile        Hex/Tloc       8%         N/A       43%         3
 Cause Fear               Hex            3%         N/A       67%         4

Inventory:

Hand Weapons
 Y - a +1 sling (weapon)
Armour
 c - a +0 robe (worn)
 d - a +0 pair of gloves (worn)
Jewellery
 i - an amulet of reflection (around neck)
Scrolls
 a - 2 scrolls of identify
 e - a scroll of amnesia {unknown}
Potions
 b - a potion of invisibility {unknown}
 f - a potion of curing {unknown}
 g - 2 potions of enlightenment
 h - a potion of cancellation {unknown}
 k - 2 potions of degeneration {unknown}

Dungeon Overview and Level Annotations

Branches:
Dungeon (3/15)

Altars:
Kikubaaqudgha
Makhleb
Sif Muna
Yredelemnul
Zin
The Shining One


Message History

The goblin hits you but does no damage. The goblin completely misses you.
You shoot a sling bullet. The sling bullet hits the goblin.
You kill the goblin!
The goblin misses you.
You shoot a sling bullet.
The sling bullet barely misses the goblin.
The sling bullet hits the goblin.
The goblin is heavily wounded.
The goblin hits you but does no damage.
You shoot a sling bullet. The sling bullet hits the goblin.
You kill the goblin!
A goblin comes into view. It is wielding a +0 dagger.
You shoot a sling bullet.
The sling bullet closely misses the goblin.
The goblin hits you but does no damage. The goblin barely misses you.
You shoot a sling bullet.
The sling bullet closely misses the goblin.
The sling bullet hits the goblin.
The goblin is moderately wounded.
The goblin closely misses you.
You shoot a sling bullet.
The sling bullet barely misses the goblin.
The sling bullet hits the goblin but does no damage.
The goblin is moderately wounded.
The goblin barely misses you.
You shoot a sling bullet.
The sling bullet hits the goblin but does no damage.
You shoot a sling bullet. The sling bullet hits the ogre.
The ogre is lightly wounded.
The goblin closely misses you. You block the ogre's attack.
You shoot a sling bullet. The sling bullet hits the ogre.
The ogre is moderately wounded.
The goblin misses you. The ogre closely misses you.
The goblin hits you but does no damage.
You shoot a sling bullet. The sling bullet hits the ogre.
The ogre is moderately wounded.
The goblin hits you with a +0 dagger.
The ogre hits you with a +0 giant club!!
Ouch! That really hurt!
You die... ##........#..... ######### ###.%....#..... #.......# ###......#..... #.......# ### #.......##..... #.......# #(. #.............. #.......# #.. ##.....(.#..>... #.......# #gg

#........##.....
#.......####O##........##...<.
#...........g@.........##.....
######.................##.....
#.......###.......##.....
#.......# #.......##.....
#.......####....%........
#.......#....#######.....
#.......#....# #.......
#.......#....# #.#.#.##
########.....# #.#...#


You could see an ogre and 3 goblins.

Vanquished Creatures
  3 adders (D:2)
  2 worms (D:2)
  6 bats
  4 endoplasms
  8 goblins
  3 hobgoblins
  4 jackals (D:2)
  3 quokkas
  6 ball pythons
  3 frilled lizards (D:1)
  3 kobolds
  8 rats
53 creatures vanquished.

Notes
Turn   | Place    | Note
-------+----------+-------------------------------------------
     0 | D:1      | qw the Gargoyle Hexslinger began the quest for the Orb.
     0 | D:1      | Reached XP level 1. HP: 12/12 MP: 2/2
     0 | D:1      | 0 ||| qw: Version: 0.3-a-46-gb1f654a
     0 | D:1      | 0 ||| qw: Game counter: 3730
     0 | D:1      | 0 ||| qw: Melee chars always use a shield: true
     0 | D:1      | 0 ||| qw: God list: Okawaru
     0 | D:1      | 0 ||| qw: Allow faded altars: false
     0 | D:1      | 0 ||| qw: Do Orc after clearing Dungeon:15 true
     0 | D:1      | 0 ||| qw: Do second Lair branch before Depths: true
     0 | D:1      | 0 ||| qw: Lair rune preference: random
     0 | D:1      | 0 ||| qw: Goals: Normal
     0 | D:1      | 0 ||| PLANNING D:1-11
   200 | D:1      | Reached XP level 2. HP: 16/16 MP: 3/3
   273 | D:1      | Found a faded altar of an unknown god.
   494 | D:1      | Reached skill level 3 in Ranged Weapons
   508 | D:1      | 508 ||| FLEEEEING.
   509 | D:1      | 509 ||| FLEEEEING.
   511 | D:1      | 511 ||| FLEEEEING.
   512 | D:1      | 512 ||| FLEEEEING.
   513 | D:1      | 513 ||| FLEEEEING.
   521 | D:1      | 521 ||| FLEEEEING.
   677 | D:1      | 677 ||| UPGRADING to +0 pair of gloves.
   682 | D:1      | 682 ||| DROPPING scarf of shadows.
   683 | D:1      | 683 ||| UPGRADING to amulet of reflection.
   688 | D:1      | 688 ||| READING 4 scrolls labelled WIJECOCOUV.
   689 | D:1      | 689 ||| DRINKING 2 puce potions.
   690 | D:1      | 690 ||| READING 3 scrolls of identify.
   690 | D:1      | 690 ||| IDENTIFYING coppery potion
   691 | D:1      | 691 ||| READING 2 scrolls of identify.
   691 | D:1      | 691 ||| IDENTIFYING viscous grey potion
   692 | D:1      | 692 ||| DROPPING scroll of poison.
   693 | D:1      | 693 ||| DROPPING potion of attraction.
   694 | D:1      | 694 ||| DROPPING potion of lignification.
   768 | D:2      | Reached XP level 3. HP: 22/22 MP: 4/4
   972 | D:2      | Reached XP level 4. HP: 10/27 MP: 5/5
   975 | D:2      | HP: 5/27 [endoplasm (2)]
   976 | D:2      | 976 ||| DRINKING potion of heal wounds.
  1202 | D:2      | 1202 ||| READING scroll labelled TIASEI LUOBOI.
  1203 | D:2      | 1203 ||| READING scroll labelled JANYXU FAMOM.
  1204 | D:2      | 1204 ||| READING scroll labelled ORARUW RUIMMU GIU.
  1205 | D:2      | 1205 ||| READING scroll labelled ENOCWO SAAB.
  1206 | D:2      | 1206 ||| DRINKING 3 fuming emerald potions.
  1402 | D:3      | Reached skill level 4 in Ranged Weapons
  1519 | D:3      | Found a burning altar of Makhleb.
  1519 | D:3      | Found a glowing silver altar of Zin.
  1519 | D:3      | Found a basalt altar of Yredelemnul.
  1519 | D:3      | Found a shimmering blue altar of Sif Muna.
  1527 | D:3      | Found a glowing golden altar of the Shining One.
  1529 | D:3      | Found an ancient bone altar of Kikubaaqudgha.
  1627 | D:3      | Noticed an ogre
  1640 | D:3      | Slain by an ogre

Levels and vault maps discovered:
D:1:      minmay_arrival_four_houses, layout_basic,
          shapermc_ecumenical_altar_acropolis, minmay_pentomino_t4
D:2:      layout_rooms, hangedman_abyss_or_decor_stabs
D:3:      layout_basic, minmay_overflow_temple_hex, minmay_ogre_servants

Skill      XL: |  1  2  3  4 |
---------------+-------------+-----
Ranged Weapons | 3 4 |  4.1
Fighting       | 2 |  2.3
Dodging        | |  1.5
Spellcasting   | |  1.0
Hexes          | |  2.6

Action                     |  1- 3 |  4- 6 || total
---------------------------+-------+-------++-------
   Fire: Sling             |    88 |    57 ||   145
    Use: Scroll            |     3 |     4 ||     7
         Potion            |     1 |     2 ||     3
 Armour: Robe              |    14 |     8 ||    22
  Dodge: Dodged            |    22 |    11 ||    33
  Block: Other             |     3 |     5 ||     8

Table legend:
 A = Non-vault XP
 B = Vault XP
 C = Vault XP percentage of total XP
 D = Non-vault monster count
 E = Vault monster count
 F = Vault count percentage of total count
                 A         B        C        D         E       F
            +---------+---------+-------+---------+---------+-------
      Total |     113 |       9 |   7.4 |      47 |       6 |  11.3
            +---------+---------+-------+---------+---------+-------
        D:1 |      24 |       4 |  14.3 |      17 |       3 |  15.0
        D:2 |      73 |       0 |   0.0 |      19 |       0 |   0.0
        D:3 |      16 |       5 |  23.8 |      11 |       3 |  21.4
            +---------+---------+-------+---------+---------+-------
